 Dungeon Crawl Stone Soup version 0.23-a0-890-gc183402 (webtiles) character file.

9 MalarOregon the Poker (level 2, -1/24 HPs)
             Began as a Merfolk Abyssal Knight on Jan 27, 2019.
             Was a Follower of Lugonu.
             Slain by a leopard gecko (4 damage)
             ... on level 1 of the Dungeon on Jan 28, 2019.
             The game lasted 00:01:37 (260 turns).

MalarOregon the Poker (Merfolk Abyssal Knight)       Turns: 260, Time: 00:01:38

Health: -1/24      AC:  3    Str: 12    XL:     2   Next: 16%
Magic:  3/3        EV: 12    Int: 11    God:    Lugonu [*.....]
Gold:   20         SH:  0    Dex: 13    Spells: 1/1 levels left

rFire    . . .     SeeInvis .   a - +1 spear
rCold    . . .     Gourm    .   (no shield)
rNeg     . . .     Faith    .   b - +0 leather armour
rPois    .         Spirit   .   (no helmet)
rElec    .         Reflect  .   (no cloak)
rCorr    .         Harm     .   (no gloves)
MR       .....                  (no boots)
Stlth    +.........             (no amulet)
HPRegen  0.08/turn              (no ring)
MPRegen  0.08/turn              (no ring)

@: drained
A: change form in water, swift swim, stealthy swim
a: Depart the Abyss, Renounce Religion


You were on level 1 of the Dungeon.
You worshipped Lugonu.
Lugonu was aware of your devotion.
You were not hungry.

You visited 1 branch of the dungeon, and saw 1 of its levels.
You visited the Abyss 1 time.

You collected 20 gold pieces.

Inventory:

Hand Weapons
 a - a +1 spear (weapon)
Armour
 b - a +0 leather armour (worn)
Scrolls
 d - a scroll of remove curse {unknown}
 g - a scroll of identify {unknown}
Potions
 c - a potion of berserk rage {unknown}
Comestibles
 e - a ration {!d}
 f - 6 chunks of flesh


   Skills:
 + Level 3.4(3.0) Fighting
 * Level 3.5(3.1) Polearms
 + Level 0.8(0.4) Armour
 + Level 2.8(2.4) Dodging
 + Level 2.1(1.7) Invocations


You had one spell level left.
You didn't know any spells.
Your spell library was empty.

Dungeon Overview and Level Annotations

Branches:
Dungeon (1/15)

Altars:


Message History

a +1 dagger of draining; a goblin corpse You butcher the goblin corpse.
f - 6 chunks of flesh (gained 3)
Things that are here:
a +1 dagger of draining; a goblin skeleton
Things that are here:
a +1 dagger of draining; a goblin skeleton You now have 20 gold pieces (gained 12).
g - a scroll labeled MOLEDU TICOF A goblin and a kobold come into view.
The kobold shouts!
The goblin shouts!
You see here a scroll labeled MOLEDU TICOF.
There are monsters nearby!
A leopard gecko comes into view.
Attack whom?
Aim: a kobold, wielding a +0 whip You reach to attack!
The leopard gecko hisses angrily.
You hit the kobold but do no damage. You barely miss the kobold.
The kobold misses you.
You barely miss the kobold. The goblin hits you.
The kobold hits you but does no damage.
You hit the kobold. The goblin hits you but does no damage.
The kobold barely misses you.
You hit the kobold.
You kill the kobold!
Lugonu accepts your kill. The goblin closely misses you.
The leopard gecko bites you.
You barely miss the leopard gecko. The goblin hits you.
The leopard gecko closely misses you.
You closely miss the leopard gecko. The goblin hits you but does no damage.
The leopard gecko misses you.
You hit the leopard gecko but do no damage.
The goblin hits you but does no damage. The leopard gecko bites you.
You hit the leopard gecko but do no damage.
The leopard gecko bites you.
* * * LOW HITPOINT WARNING * * *
The goblin hits you.
* * * LOW HITPOINT WARNING * * *
The leopard gecko bites you.
* * * LOW HITPOINT WARNING * * *
The goblin closely misses you. The leopard gecko closely misses you.
The leopard gecko bites you.
* * * LOW HITPOINT WARNING * * *
You closely miss the leopard gecko. The leopard gecko bites you.
* * * LOW HITPOINT WARNING * * *
The leopard gecko barely misses you.
You miss the leopard gecko. The leopard gecko bites you.
You die...

...?.....#######.#.......####...≈
.........................####.≈≈≈
.........#.#####......##......≈≈≈
.........#+#####......##..###.≈≈≈
............#.........##..###.≈≈≈
............#.##......##.÷÷....≈≈
.......)....................##...
...#........#.####..#.##....# ###
...#........'.gl@..)#.##.)..# .
#........#.#####.#.##....#
...........................#
.$.........................##
...#...#.#####.....#####....#
?........#...#.....#...#....#
...#.⌠.#.....#.⌠.#.[...
..#...#.....#...#...
#####.)...#####..#


You could see a leopard gecko and a goblin.

Vanquished Creatures
  A giant cockroach (D:1)
  A bat (D:1)
  6 frilled lizards (D:1)
  3 goblins (D:1)
  A kobold (D:1)
12 creatures vanquished.

Notes
Turn   | Place    | Note
-------+----------+-------------------------------------------
     0 | Abyss:1  | MalarOregon the Merfolk Abyssal Knight began the quest for
                  | the Orb.
     0 | Abyss:1  | Reached XP level 1. HP: 18/18 MP: 2/2
     0 | Abyss:1  | Upgraded the game from 0.23-a0-860-g8ff03fb to
                  | 0.23-a0-890-gc183402
    40 | D:1      | Escaped the Abyss
   112 | D:1      | Reached XP level 2. HP: 16/24 MP: 3/3
   260 | D:1      | Slain by a leopard gecko

Vault maps used:
D:1:      minmay_arrival_glassed_features, minmay_lizard_pond

Action                   || total
-------------------------++-------
Melee: Spear             ||    44
Armor: Leather armour    ||    11
Dodge: Dodged            ||    18

Table legend:
 A = Non-vault XP
 B = Vault XP
 C = Vault XP percentage of total XP
 D = Non-vault monster count
 E = Vault monster count
 F = Vault count percentage of total count
                 A         B        C        D         E       F
            +---------+---------+-------+---------+---------+-------
      Total |       8 |       6 |  42.9 |       6 |       6 |  50.0
            +---------+---------+-------+---------+---------+-------
        D:1 |       8 |       6 |  42.9 |       6 |       6 |  50.0
            +---------+---------+-------+---------+---------+-------
